 Dungeon Crawl Stone Soup version 0.19.0-9-gfd783f2 (console) character file.

541599 Eviona the Slayer (level 24, -13/235 HPs)
             Began as a Minotaur Fighter on Nov 7, 2016.
             Was a High Priest of Okawaru.
             Mangled by a stone giant (23 damage)
             ... on level 5 of the Depths on Nov 8, 2016.
             The game lasted 02:47:57 (60419 turns).

Eviona the Slayer (Minotaur Fighter)               Turns: 60419, Time: 02:47:58

Health: -13/235    AC: 52    Str: 40      XL:     24   Next: 76%
Magic:  28/28      EV: 26    Int:  2 (3)  God:    Okawaru [*****.]
Gold:   4844       SH:  0    Dex: 20      Spells: 2 memorised, 18 levels left

rFire  + . .     SeeInvis +     N - +1 war axe (chop)
rCold  + . .     Gourm    .     T - +13 plate armour of the Wasteland {Str+2 Dex+6}
rNeg   + . .     Faith    .     (no shield)
rPois  +         Spirit   .     D - +0 hat {Int+3}
rElec  +         Reflect  .     C - +2 cloak {MR+}
rCorr  +         Harm     .     W - +2 pair of gloves
MR     +++..     Clarity  +     S - +2 pair of boots "Seaqin" {rPois rC+ Slay+2}
Stlth  ..........               o - amulet of the Four Winds {rN+ MR+++ Clar}
                                I - ring "Bamotap" {+Fly rPois MR++ AC+5 Int-5}
                                H - ring "Behimousk" {+Blink rC- Str+2 Dex+2 SInv}

@: mighty, resistant, vulnerable, slowed, lost intelligence, very slow
A: retaliatory headbutt, horns 2, thin metallic scales 1, sense surroundings 1
a: Heroism, Finesse, Renounce Religion, Evoke Blink, Evoke Flight
}: 3/15 runes: decaying, serpentine, silver


You were on level 5 of the Depths.
You worshipped Okawaru.
Okawaru was extremely pleased with you.
You were very hungry.

You visited 7 branches of the dungeon, and saw 40 of its levels.
You also visited: Ice Cave.

You collected 5312 gold pieces.
You spent 468 gold pieces at shops.

Inventory:

Hand Weapons
 t - a +3 battleaxe of freezing
 N - a +1 war axe of chopping (weapon)
 R - a +3 battleaxe of flaming
Missiles
 w - 3 javelins of returning (quivered)
Armour
 C - a +2 cloak of magic resistance (worn)
 D - a +0 hat of intelligence (worn)
 S - the +2 pair of boots "Seaqin" (worn) {rPois rC+ Slay+2}
   (Okawaru gifted it to you on level 3 of the Snake Pit)

   It affects your accuracy and damage with ranged weapons and melee attacks
   (+2).
   It protects you from cold.
   It protects you from poison.
 T - the +13 plate armour of the Wasteland (worn) {Str+2 Dex+6}
   (You found it on level 6 of the Lair of Beasts)

   It affects your strength (+2).
   It affects your dexterity (+6).
 W - a +2 pair of gloves (worn)
Jewellery
 e - an uncursed ring of fire
 l - an uncursed ring of fire
 o - the amulet of the Four Winds (around neck) {rN+ MR+++ Clar}
   (You found it on level 4 of the Depths)

   [amulet of nothing]

   It protects you from negative energy.
   It affects your resistance to hostile enchantments.
   It protects you against confusion.
 u - an uncursed amulet of guardian spirit
 H - the ring "Behimousk" (left hand) {+Blink rC- Str+2 Dex+2 SInv}
   (You found it on level 2 of the Depths)

   [ring of see invisible]

   It affects your strength (+2).
   It affects your dexterity (+2).
   It makes you vulnerable to cold.
   It lets you see invisible.
   It lets you blink.
 I - the ring "Bamotap" (right hand) {+Fly rPois MR++ AC+5 Int-5}
   (You found it on level 2 of the Swamp)

   [ring of protection]

   It affects your AC (+5).
   It affects your intelligence (-5).
   It protects you from poison.
   It affects your resistance to hostile enchantments.
   It lets you fly.
 M - the amulet "Eclyifeu" {Spirit rElec rF+ MP+9 Dex-2, unknown}
   (You found it on level 5 of the Vaults)

   [amulet of guardian spirit]

   It causes incoming damage to be split between your health and magic.
   It affects your dexterity (-2).
   It protects you from fire.
   It insulates you from electricity.
   It affects your magic capacity (+9).
 V - an uncursed ring of protection from fire
 Z - an uncursed ring of protection from cold
Wands
 c - a wand of disintegration (13/24)
 p - a wand of acid (2/15)
 x - a wand of digging (9/24)
 G - a wand of iceblast (8/15)
 L - a wand of slowing (25/48)
 O - a wand of disintegration (12/24)
Scrolls
 a - 18 scrolls of identify
 j - 12 scrolls of teleportation
 k - 5 scrolls of blinking
 q - 11 scrolls of remove curse
 y - a scroll of recharging
 A - a scroll of holy word
 B - 2 scrolls of enchant armour
 F - a scroll of fog
Potions
 d - 2 potions of might
 m - 7 potions of curing
 n - 2 potions of cancellation
 v - 4 potions of ambrosia
 z - 6 potions of magic
 J - 6 potions of berserk rage
 K - 3 potions of resistance
 P - 7 potions of haste
 U - 6 potions of agility
 X - a potion of invisibility
 Y - 4 potions of brilliance
Books
 b - The Foundations of Theurgy
   (You found it on level 5 of the Vaults)

   Spells                             Type                      Level
   a - Ozocubu's Armour               Charms/Ice                   3
   b - Stone Arrow                    Conjuration/Earth            3
   c - Static Discharge               Conjuration/Air              3
   d - Tukima's Dance                 Hexes                        3
   e - Portal Projectile              Translocation                3
 E - a book of Battle

   Spells                             Type                      Level
   a - Infusion                       Charms                       1
   b - Shroud of Golubria             Charms/Translocation         2
   c - Song of Slaying                Charms                       2
   d - Spectral Weapon                Hexes/Charms                 3
   e - Regeneration                   Charms/Necromancy            3
 Q - a book of Geomancy

   Spells                             Type                      Level
   a - Sandblast                      Earth                        1
   b - Passwall                       Transmutation/Earth          2
   c - Stone Arrow                    Conjuration/Earth            3
   d - Petrify                        Transmutation/Earth          4
   e - Lee's Rapid Deconstruction     Earth                        5
Comestibles
 f - 25 bread rations
 g - 28 meat rations
 h - 14 beef jerkies
 i - 33 fruits
 s - 9 royal jellies


   Skills:
 - Level 23.3 Fighting
 - Level 22.6 Axes
 - Level 22.0 Armour
 - Level 22.1 Dodging
   Level 3.6 Shields
 + Level 11.3 Charms
 - Level 0.5 Ice Magic
 - Level 9.2 Invocations
 - Level 8.9 Evocations


You had 18 spell levels left.
You knew the following spells:

 Your Spells              Type           Power        Failure   Level  Hunger
a - Ozocubu's Armour      Chrm/Ice       #.......     58%         3    ####...
b - Song of Slaying       Chrm           #.......     2%          2    ###....


Dungeon Overview and Level Annotations

Branches:
Dungeon (15/15)            Temple (1/1) D:6            Lair (6/6) D:8
  Swamp (4/4) Lair:3        Snake (4/4) Lair:2        Slime (0/5) Lair:6
    Orc (0/2) D:10         Vaults (5/5) D:13          Crypt (0/3) Vaults:2
 Depths (5/5) D:15
    Zot: Depths:5

Altars:
Ashenzari
Cheibriados
Dithmenos
Elyvilon
Fedhas
Gozag
Hepliaklqana
Kikubaaqudgha
Makhleb
Nemelex Xobeh
Okawaru
Qazlal
Ru
Sif Muna
Trog
Uskayaw
Vehumet
Xom
Yredelemnul
Zin
The Shining One

Shops:
D:11 :   D:15 :}   Snake:3 :   Vaults:1 !   Vaults:2 [   Vaults:3 *

Portals:
Hell: Depths:1 Depths:2 Depths:3 Depths:4
Abyss: Depths:2 Depths:4
Pandemonium: Depths:3
Ziggurat: Depths:4

Annotations:
D:3 Natasha
D:15 exclusion: Roxanne, Roxanne
Swamp:3 Lernaean hydra
Depths:4 exclusion: downstairs
Depths:5 Louise


Innate Abilities, Weirdness & Mutations

You reflexively headbutt those who attack you in melee.
You have a pair of horns on your head.
You are partially covered in thin metallic scales. (AC +2)
You passively map a small area around you.


Message History

The fire dragon simulacrum completely misses you.
The fire dragon simulacrum tramples you but does no damage.
The fire dragon misses you. The fire dragon claws you.
* * * LOW HITPOINT WARNING * * *
The fire dragon completely misses you. The stone giant completely misses you.
You furiously retaliate!
You headbutt the stone giant.
The glowing orange brain blinks!
The deep troll earth mage completely misses you.
You furiously retaliate!
You headbutt the deep troll earth mage!!
You kill the deep troll earth mage!
Okawaru accepts your kill.
A freezing mist starts to gather...
The troll leather armour is intact enough to wear.
The fire dragon simulacrum bites you but does no damage.
The fire dragon simulacrum completely misses you. x2
A deep troll earth mage simulacrum comes into view.
You feel better. The fire dragon barely misses you.
The fire dragon completely misses you.
The fire dragon tramples you but does no damage.
The stone giant hits you!!
You die...

, , , , ,, , ,, ,
, , , , ...
............. ,, ,
...##............
, , ,
.............(...
,
.................
* *
..........#......
, ,
#.......(........,
........O@D......
* * ,
.......DZ@)O.....
* ,
........CZ[Z.....
........##.......
.........,.......
......... .......
,
,.................
, ,*
.................
..$..............
, , , * , , , , ,,


You could see Louise, a fire dragon, an ice dragon, a stone giant, a fire dragon
simulacrum, an ettin simulacrum and a deep troll earth mage simulacrum.

Vanquished Creatures
  A juggernaut (Depths:4)
  Mara (Vaults:4)
  Margery (Depths:4)
  4 caustic shrikes
  Nikola (Depths:2)
  A golden dragon (Vaults:5)
  3 liches
  4 tentacled monstrosities
  Jorgrun (Swamp:3)
  Rupert (Lair:3)
  8 titans
  A quicksilver dragon (Depths:4)
  6 sphinxes
  2 thorn hunters
  Kirke (D:13)
  2 shadow dragons
  18 nagarajas
  6 storm dragons
  4 tengu reavers
  Aizul (Snake:2)
  22 fire giants
  15 frost giants
  3 deep elf sorcerers
  3 iron dragons
  13 vault wardens
  An orc warlord (Vaults:3)
  21 very ugly things
  2 spriggan defenders
  3 war gargoyles (Vaults:5)
  13 ironheart preservers
  3 entropy weavers
  Nessos (D:12)
  4 vampire knights
  A caustic shrike skeleton (Depths:2)
  27 stone giants
  4 deep elf annihilators
  Azrael (D:15)
  4 spark wasps
  2 merfolk javelineers
  12 ettins
  A lorocyproca (Depths:3)
  10 fire dragons
  5 jiangshi
  3 deep elf death magi
  Josephine (D:15)
  2 deep elf high priests
  A quicksilver dragon skeleton (Depths:2)
  14 yaktaur captains
  Fannar (Lair:2)
  7 great orbs of eyes
  9 ice dragons
  4 spriggan air magi
  A caustic shrike simulacrum (Depths:2)
  18 hydras
  26 vault guards (Vaults:5)
  23 naga warriors
  A ghost crab (Swamp:2)
  5 rakshasas
  19 ogre magi
  11 anacondas
  5 catoblepae
  13 centaur warriors
  7 deep troll shamans
  6 alligators
  5 death knights
  10 tengu warriors
  9 deep troll earth magi
  13 death yaks (Lair:6)
  15 shock serpents
  5 vampire magi
  22 naga sharpshooters
  A shock serpent (shapeshifter) (Vaults:2)
  An orc high priest (Vaults:3)
  8 spriggan berserkers
  Urug (D:12)
  5 deep elf knights
  7 spriggans
  The ghost of Nelgraf the Protected, a novice DsCK of Xom (D:11)
  4 salamander mystics
  3 shadow wraiths
  11 skeletal warriors
  26 hell knights
  29 deep trolls
  A spark wasp zombie (Depths:2)
  2 unseen horrors
  An iron troll (Depths:4)
  8 swamp dragons
  6 naga ritualists
  4 glowing orange brains
  2 flayed ghosts
  4 wizards
  6 deep elf archers
  A death drake (Swamp:2)
  8 hill giants
  5 sea snakes (Snake:1)
  A tengu zombie (Vaults:2)
  17 ironbrand convokers
  2 spectral hydras (Swamp:2)
  9 phantasmal warriors
  5 wolf spiders
  3 harpies
  17 necromancers
  A lindwurm (Lair:6)
  26 orc knights
  A sphinx zombie (Depths:2)
  A tengu skeleton (Depths:2)
  A stone giant zombie (Vaults:2)
  Pikel (D:4)
  A fire giant zombie (Vaults:3)
  11 mana vipers
  9 cyclopes
  16 deep elf magi
  65 ugly things
  Joseph (D:10)
  20 salamanders
  2 manticores
  3 orc sorcerers
  A salamander (shapeshifter) (Vaults:2)
  Maurice (D:9)
  49 black mambas
  A moth of wrath (shapeshifter) (Depths:2)
  17 naga magi
  15 guardian serpents
  2 worldbinders (Depths:3)
  2 fire giant skeletons (Depths:2)
  2 centaur zombies
  13 vault sentinels
  A stone giant skeleton (Depths:2)
  16 elephants
  A gargoyle (D:13)
  3 rust devils (Depths:3)
  A smoke demon (Depths:3)
  11 spiny frogs
  10 swamp worm zombies (Swamp:2)
  5 rime drakes
  4 freezing wraiths
  A kobold demonologist (D:13)
  4 efreet
  2 spriggan skeletons (Depths:2)
  8 komodo dragons
  39 yaktaurs
  A yaktaur skeleton (Vaults:3)
  2 tengu conjurers (Depths:2)
  A queen bee (Depths:2)
  2 jumping spiders (shapeshifter)
  8 trolls
  A troll (shapeshifter) (D:13)
  A polar bear (shapeshifter) (Vaults:3)
  10 hornets
  A jumping spider (Vaults:5)
  A meliai (shapeshifter) (Depths:3)
  A wolf spider simulacrum (D:15)
  2 merfolk (shapeshifter)
  A tengu simulacrum (Vaults:1)
  5 tyrant leeches
  17 polar bears
  25 two-headed ogres
  A two-headed ogre (shapeshifter) (Vaults:1)
  4 spectral swamp dragons (Swamp:2)
  14 blink frogs
  3 alligator zombies (Swamp:2)
  42 slime creatures
  A blink frog (shapeshifter) (Vaults:4)
  17 bog bodies
  A snapping turtle (shapeshifter) (Vaults:5)
  9 hippogriffs
  3 air elementals (Depths:4)
  A centaur simulacrum (D:14)
  An ettin zombie (Depths:2)
  2 shadows
  2 wyverns
  3 redbacks
  7 water elementals
  A tyrant leech zombie (Swamp:2)
  A spriggan (shapeshifter) (Depths:3)
  41 yaks
  9 wraiths
  A ynoxinul (Depths:3)
  6 hogs (D:13)
  4 fire elementals (D:15)
  3 basilisks
  A steam dragon (Lair:1)
  A hungry ghost (D:10)
  A redback simulacrum (D:15)
  18 vampire mosquitoes
  Menkaure (D:7)
  A mottled dragon (D:14)
  18 swamp worms
  59 nagas
  2 water moccasins (shapeshifter)
  A soldier ant (shapeshifter) (Vaults:2)
  2 spiny frog zombies (Swamp:2)
  13 water moccasins
  2 hell hounds (D:15)
  2 soldier ants (D:9)
  Duvessa (D:4)
  5 phantoms
  11 porcupines
  4 black bears
  22 swamp drakes
  4 sky beasts
  43 orc warriors
  8 ice beasts
  A hornet zombie (D:10)
  An eye of draining (D:13)
  13 wolves (IceCv)
  19 boggarts
  3 ettin simulacra (Depths:3)
  58 ogres
  A tengu (shapeshifter) (Depths:3)
  A necrophage (D:10)
  8 crocodiles
  12 centaurs
  A big kobold (D:12)
  2 elf zombies (D:12)
  26 bullfrogs
  Dowan (D:4)
  3 human skeletons
  4 scorpions
  A human simulacrum (Vaults:2)
  29 killer bees
  3 troll zombies
  4 spriggan zombies
  10 wights
  5 electric eels
  3 howler monkeys (D:8)
  11 crimson imps
  6 human zombies (D:12)
  2 quasits
  2 bullfrog zombies
  2 centaur skeletons
  A jelly (D:14)
  19 orc priests
  7 hounds
  3 bullfrog skeletons
  14 orc wizards
  Terence (D:2)
  11 iguanas
  12 hell rats
  13 worker ants
  5 ogre zombies (D:10)
  A hound zombie (D:9)
  4 hound skeletons
  A mummy (D:12)
  2 worker ant zombies
  9 adders
  5 river rats (D:5)
  7 shadow imps
  14 white imps
  An ufetubus (Depths:3)
  An ooze (D:1)
  2 adder skeletons
  5 worms
  2 dart slugs
  4 leopard geckos
  83 orcs
  2 ball pythons
  6 bats
  17 giant cockroaches
  3 goblins
  A hobgoblin (shapeshifter) (Vaults:5)
  7 hobgoblins
  11 jackals
  14 kobolds
  2 quokkas
  A ball python skeleton (D:4)
  4 frilled lizards
  4 goblin zombies (D:10)
  3 hobgoblin zombies (D:10)
  A leopard gecko skeleton (D:7)
  3 orc skeletons (D:10)
  9 orc zombies (D:10)
  32 rats
  A butterfly (Lair:6)
  A fungus (Lair:2)
  5 plants
2123 creatures vanquished.

Vanquished Creatures (others)
  A deep elf high priest (Vaults:5)
  A deep troll (Vaults:5)
  A glowing orange brain (Depths:5)
  A naga (Snake:3)
  A floating eye (Depths:3)
  A swamp drake (Swamp:4)
  An ogre (Vaults:1)
  A bullfrog (Lair:3)
  A shadow imp (Depths:3)
  An orc (Vaults:1)
  7 fungi
  10 plants
  A withered plant (Swamp:2)
28 creatures vanquished.

Grand Total: 2151 creatures vanquished

Notes
Turn   | Place    | Note
-------+----------+-------------------------------------------
     0 | D:1      | Eviona the Minotaur Fighter began the quest for the Orb.
     0 | D:1      | Reached XP level 1. HP: 19/19 MP: 0/0
   187 | D:1      | Reached XP level 2. HP: 26/26 MP: 1/1
   907 | D:2      | Reached XP level 3. HP: 31/31 MP: 2/2
  1009 | D:2      | Reached skill level 5 in Axes
  1072 | D:2      | Reached XP level 4. HP: 39/39 MP: 3/3
  1185 | D:2      | Noticed Terence
  1192 | D:2      | Killed Terence
  1740 | D:3      | Found an opulent altar of Gozag.
  1742 | D:3      | Noticed Natasha
  1846 | D:3      | Reached XP level 5. HP: 45/45 MP: 4/4
  2114 | D:4      | Noticed Duvessa
  2116 | D:4      | Noticed Dowan
  2116 | D:4      | Reached XP level 6. HP: 51/51 MP: 5/5
  2361 | D:4      | Noticed a slave
  2363 | D:4      | Noticed Pikel
  2364 | D:4      | Noticed a slave
  2373 | D:4      | Noticed a slave
  2374 | D:4      | Noticed a slave
  2382 | D:4      | Killed Pikel
  2382 | D:4      | Reached skill level 7 in Fighting
  2382 | D:4      | Reached XP level 7. HP: 39/66 MP: 6/6
  2496 | D:4      | Killed Duvessa
  2496 | D:4      | Reached skill level 8 in Fighting
  2513 | D:4      | Killed Dowan
  2911 | D:4      | Reached skill level 9 in Fighting
  2911 | D:4      | Reached XP level 8. HP: 29/78 MP: 7/7
  3259 | D:5      | Entered Level 5 of the Dungeon
  3392 | D:5      | Reached skill level 10 in Fighting
  4245 | D:5      | Reached skill level 5 in Armour
  4500 | D:5      | Identified a +2 pair of boots of running (You found it on level 5 of the Dungeon)
  4518 | D:4      | Gained mutation: You passively map a small area around you. [potion of beneficial mutation]
  5621 | D:6      | Reached XP level 9. HP: 85/85 MP: 8/8
  5633 | D:6      | Found a staircase to the Ecumenical Temple.
  5648 | Temple   | Entered the Ecumenical Temple
  5984 | Temple   | Became a worshipper of Warmaster Okawaru
  6507 | D:6      | Found a blossoming altar of Fedhas.
  7320 | D:7      | Found a shadowy altar of Dithmenos.
  7335 | D:7      | Noticed Menkaure
  7349 | D:7      | Killed Menkaure
  7349 | D:7      | Reached * piety under Okawaru
  7349 | D:7      | Reached skill level 10 in Axes
  7869 | D:7      | Reached ** piety under Okawaru
  8457 | D:8      | Reached XP level 10. HP: 31/93 MP: 6/9
  8800 | D:8      | Found a staircase to the Lair.
  8816 | D:7      | Reached skill level 10 in Armour
  9030 | D:8      | Reached *** piety under Okawaru
  9084 | D:8      | Reached skill level 1 in Dodging
  9437 | Lair:1   | Entered Level 1 of the Lair of Beasts
  9876 | Lair:1   | Reached skill level 5 in Dodging
 10044 | Lair:1   | Reached **** piety under Okawaru
 10710 | Lair:1   | Reached XP level 11. HP: 76/99 MP: 10/10
 10929 | Lair:1   | Received a gift from Okawaru
 11119 | Lair:1   | Noticed a catoblepas
 11193 | Lair:1   | Gained mutation: You are partially covered in thin metallic scales. (AC +2) [potion of beneficial mutation]
 11352 | D:9      | Noticed Maurice
 11370 | D:9      | Killed Maurice
 11370 | D:9      | Reached ***** piety under Okawaru
 11370 | D:9      | Reached skill level 1 in Invocations
 12383 | D:10     | Entered Level 10 of the Dungeon
 13011 | D:10     | Reached skill level 5 in Invocations
 13230 | D:10     | Found a staircase to the Orcish Mines.
 13335 | D:10     | Noticed Joseph
 13347 | D:10     | Killed Joseph
 13910 | D:10     | Noticed a hill giant
 13917 | D:10     | Killed a hill giant
 14109 | D:10     | Noticed a hill giant
 14114 | D:10     | Killed a hill giant
 14185 | Lair:1   | Killed a catoblepas
 14185 | Lair:1   | Reached skill level 15 in Axes
 15031 | Lair:2   | Found a staircase to the Snake Pit.
 15043 | Lair:2   | Reached XP level 12. HP: 94/106 MP: 8/14
 15140 | Lair:2   | Noticed a seven-headed hydra
 15158 | Lair:2   | Killed a ten-headed hydra
 15255 | Lair:2   | Noticed Fannar
 15274 | Lair:2   | Killed Fannar
 15512 | Lair:3   | Noticed a catoblepas
 15526 | Lair:3   | Killed a catoblepas
 15743 | Lair:3   | Found a staircase to the Swamp.
 15864 | Lair:3   | Noticed an eight-headed hydra
 15875 | Lair:3   | Killed a 13-headed hydra
 15875 | Lair:3   | Received a gift from Okawaru
 16096 | Lair:3   | Noticed Rupert
 16114 | Lair:3   | Killed Rupert
 17409 | Lair:4   | Reached XP level 13. HP: 104/113 MP: 15/15
 18905 | Lair:6   | Entered Level 6 of the Lair of Beasts
 19199 | Lair:6   | Received a gift from Okawaru
 19210 | Lair:6   | Got a pair of transparent boots {god gift}
 19221 | Lair:6   | Identified the +2 pair of boots of Trumpets {rPois rC- SInv} (Okawaru gifted it to you on level 6 of the Lair of Beasts)
 19713 | Lair:6   | Found a staircase to the Slime Pits.
 19996 | Lair:6   | Received a gift from Okawaru
 19996 | Lair:6   | Reached XP level 14. HP: 83/121 MP: 10/16
 20397 | Lair:6   | Got a heavily runed plate armour
 20408 | Lair:6   | Identified the +13 plate armour of the Wasteland {Str+2 Dex+6} (You found it on level 6 of the Lair of Beasts)
 20618 | Swamp:1  | Entered Level 1 of the Swamp
 20644 | Swamp:1  | Noticed a thorn hunter
 20658 | Swamp:1  | Killed a thorn hunter
 21510 | Swamp:2  | Reached skill level 11 in Fighting
 22117 | Swamp:2  | Received a gift from Okawaru
 22667 | Swamp:2  | Got a warped marble ring
 22669 | Swamp:2  | Identified the ring "Bamotap" {+Fly rPois MR++ AC+5 Int-5} (You found it on level 2 of the Swamp)
 22835 | Swamp:2  | Received a gift from Okawaru
 22836 | Swamp:2  | Got a pair of warped boots {god gift}
 22848 | Swamp:2  | Identified the +2 pair of boots of Kypet {+Fly Dex-2 Stlth+} (Okawaru gifted it to you on level 2 of the Swamp)
 22935 | Swamp:2  | Reached skill level 12 in Fighting
 23010 | Swamp:2  | Noticed a thorn hunter
 23116 | Swamp:2  | Killed a thorn hunter
 23198 | Swamp:3  | Noticed Jorgrun
 23218 | Swamp:3  | Killed Jorgrun
 23218 | Swamp:3  | Reached XP level 15. HP: 131/131 MP: 11/17
 23376 | Swamp:3  | Got a transparent morningstar
 23377 | Swamp:3  | Identified the +0 morningstar of Gravity {freeze, +Rage rPois Int+6 Dex-2} (You found it on level 3 of the Swamp)
 23417 | Swamp:3  | Reached skill level 13 in Fighting
 24169 | Swamp:4  | Entered Level 4 of the Swamp
 24561 | Swamp:4  | Reached skill level 14 in Fighting
 24589 | Swamp:4  | Received a gift from Okawaru
 24608 | Swamp:4  | Noticed the 27-headed Lernaean hydra
 24648 | Swamp:3  | HP: 2/136 [swamp worm (14)]
 25125 | Swamp:4  | Reached skill level 15 in Fighting
 25351 | Swamp:4  | Got a decaying rune of Zot
 25694 | Snake:1  | Entered Level 1 of the Snake Pit
 25699 | Snake:1  | Reached skill level 16 in Fighting
 25713 | Snake:1  | Received a gift from Okawaru
 26109 | Snake:1  | Noticed a nagaraja
 26130 | Snake:1  | Killed a nagaraja
 26172 | Snake:1  | Reached skill level 17 in Fighting
 26627 | Snake:1  | Reached XP level 16. HP: 54/155 MP: 18/18
 27000 | Snake:1  | Reached ****** piety under Okawaru
 27360 | Snake:1  | Reached skill level 18 in Fighting
 28585 | Snake:2  | Received a gift from Okawaru
 28598 | Snake:2  | Reached skill level 19 in Fighting
 28989 | Snake:2  | Noticed Aizul
 29002 | Snake:2  | Killed Aizul
 29206 | Snake:3  | Reached skill level 20 in Fighting
 30168 | Snake:3  | Received a gift from Okawaru
 30172 | Snake:3  | Got a pair of scorched boots {god gift}
 30183 | Snake:3  | Identified the +2 pair of boots "Seaqin" {rPois rC+ Slay+2} (Okawaru gifted it to you on level 3 of the Snake Pit)
 30225 | Snake:3  | Found Ziacsom's Book Shop.
 30340 | Snake:3  | Reached skill level 21 in Fighting
 30358 | Snake:4  | Entered Level 4 of the Snake Pit
 30405 | Snake:3  | Reached XP level 17. HP: 120/173 MP: 16/19
 30959 | Snake:4  | Reached skill level 22 in Fighting
 31583 | Snake:3  | Received a gift from Okawaru
 31585 | Snake:3  | Got a pair of crude boots {god gift}
 31596 | Snake:3  | Identified the +1 pair of boots of Popn {-Tele rPois MR+ Dex+4 SInv} (Okawaru gifted it to you on level 3 of the Snake Pit)
 32331 | Snake:4  | Reached skill level 23 in Fighting
 33248 | Snake:4  | Received a gift from Okawaru
 33528 | Snake:4  | Reached XP level 18. HP: 156/188 MP: 20/20
 33991 | Snake:4  | Got a serpentine rune of Zot
 34622 | D:11     | Found Icze's Book Emporium.
 34739 | D:11     | Noticed Nelgraf's ghost (novice DsCK)
 34746 | D:11     | Killed Nelgraf's ghost
 35007 | D:11     | Got a warped large shield
 35014 | D:11     | Identified the cursed +0 large shield of Instinct {+Blink} (You found it on level 11 of the Dungeon)
 35461 | D:12     | Noticed Urug
 35480 | D:12     | Killed Urug
 35685 | D:12     | Found a basalt altar of Yredelemnul.
 36002 | D:12     | Noticed Nessos
 36025 | D:12     | Killed Nessos
 36257 | D:13     | Noticed Kirke
 36272 | D:13     | Reached skill level 10 in Dodging
 36279 | D:13     | Killed Kirke
 36362 | D:13     | Found a gate to the Vaults.
 36530 | D:13     | Found a frozen archway.
 36555 | IceCv    | Entered an ice cave
 37280 | D:13     | Received a gift from Okawaru
 38351 | D:15     | Entered Level 15 of the Dungeon
 38358 | D:15     | Noticed Roxanne
 38390 | D:15     | Found Nixaohy's Book Shoppe.
 38540 | D:15     | Found Fuzxiph's Gadget Emporium.
 38562 | D:15     | Noticed Azrael
 38568 | D:15     | Killed Azrael
 38603 | D:15     | Found a staircase to the Depths.
 38614 | D:15     | Noticed Josephine
 38622 | D:15     | Killed Josephine
 39050 | Depths:1 | Entered Level 1 of the Depths
 39134 | Depths:1 | Received a gift from Okawaru
 39214 | Depths:1 | Reached XP level 19. HP: 179/195 MP: 21/21
 39727 | Depths:1 | Found a gateway to Hell.
 39841 | Depths:1 | Reached skill level 15 in Dodging
 40867 | Depths:2 | Reached skill level 15 in Armour
 41008 | Depths:2 | Noticed Nikola
 41035 | Depths:2 | Killed Nikola
 41193 | Depths:2 | Received a gift from Okawaru
 41746 | Depths:2 | Found a runed door.
 42459 | Depths:2 | Reached XP level 20. HP: 168/204 MP: 22/22
 42559 | Depths:2 | Received a gift from Okawaru
 42766 | Depths:2 | Noticed a caustic shrike
 42777 | Depths:2 | Killed a caustic shrike
 42855 | Depths:2 | Noticed a caustic shrike
 42873 | Depths:2 | Killed a caustic shrike
 44407 | Depths:2 | Identified the Grimoire of Poisonous Flight
 44412 | Depths:2 | Found a one-way gate to the infinite horrors of the Abyss.
 44419 | Depths:2 | Identified the Collected Works on Enhancements and Bewitchment
 44559 | Depths:2 | Got a bound pewter ring
 44561 | Depths:2 | Identified the ring "Behimousk" {+Blink rC- Str+2 Dex+2 SInv} (You found it on level 2 of the Depths)
 44730 | Vaults:1 | Entered Level 1 of the Vaults
 44747 | Vaults:1 | Received a gift from Okawaru
 45688 | Vaults:1 | Found Fuvofu's Distillery.
 45695 | Vaults:1 | Bought 2 potions of might for 120 gold pieces
 45695 | Vaults:1 | Bought a potion of curing for 45 gold pieces
 45695 | Vaults:1 | Bought a potion of curing for 45 gold pieces
 45695 | Vaults:1 | Bought a potion of curing for 45 gold pieces
 45695 | Vaults:1 | Bought a potion of curing for 45 gold pieces
 45695 | Vaults:1 | Bought a potion of curing for 45 gold pieces
 45695 | Vaults:1 | Bought a potion of berserk rage for 75 gold pieces
 46130 | Vaults:1 | Reached XP level 21. HP: 206/211 MP: 23/23
 46487 | Vaults:2 | Received a gift from Okawaru
 46713 | Vaults:2 | Found Goremuan's Armour Shop.
 46794 | Vaults:2 | Received a gift from Okawaru
 46876 | Vaults:2 | Found a staircase to the Crypt.
 48165 | Vaults:3 | Found Deicusuh's General Store.
 48246 | Vaults:3 | Bought a scroll of teleportation for 48 gold pieces
 48334 | Vaults:3 | Received a gift from Okawaru
 50843 | Vaults:4 | Received a gift from Okawaru
 50843 | Vaults:4 | Reached XP level 22. HP: 220/220 MP: 24/24
 52625 | Vaults:4 | Noticed Mara
 52625 | Vaults:4 | Received a gift from Okawaru
 52660 | Vaults:4 | Killed Mara
 53272 | Vaults:5 | Entered Level 5 of the Vaults
 53320 | Vaults:5 | Received a gift from Okawaru
 53331 | Vaults:5 | Noticed a golden dragon
 53439 | Vaults:5 | Received a gift from Okawaru
 53489 | Vaults:5 | Killed a golden dragon
 53502 | Vaults:5 | Reached XP level 23. HP: 62/227 MP: 7/28
 53515 | Vaults:5 | Reached skill level 1 in Evocations
 53622 | Vaults:5 | Reached skill level 5 in Evocations
 54626 | Vaults:5 | Received a gift from Okawaru
 54951 | Vaults:5 | Identified The Foundations of Theurgy
 54960 | Vaults:5 | Learned a level 3 spell: Ozocubu's Armour
 54977 | Vaults:5 | Learned a level 2 spell: Song of Slaying
 55068 | Vaults:5 | Reached skill level 1 in Charms
 55552 | Vaults:5 | Got a brightly glowing graven amulet
 55626 | Vaults:5 | Got a silver rune of Zot
 56661 | Depths:3 | Identified a scroll of acquirement
 56883 | Depths:3 | Received a gift from Okawaru
 57021 | Depths:3 | Reached skill level 5 in Charms
 57160 | Depths:3 | Found a one-way gate leading to the halls of Pandemonium.
 57327 | Depths:3 | Identified Ilu Zeum's Catalogue of Illusion
 57516 | Depths:3 | Received a gift from Okawaru
 57958 | Depths:4 | Reached XP level 24. HP: 232/235 MP: 27/28
 58251 | Depths:4 | Noticed Margery
 58280 | Depths:4 | Killed Margery
 58487 | Depths:4 | Noticed a juggernaut
 58879 | Depths:4 | Killed a juggernaut
 59315 | Depths:4 | Found a gateway to a ziggurat.
 59570 | Depths:4 | Reached skill level 10 in Charms
 60266 | Depths:5 | Entered Level 5 of the Depths
 60285 | Depths:4 | Received a gift from Okawaru
 60376 | Depths:5 | Noticed Louise
 60388 | Depths:5 | Lost intelligence.
 60417 | Depths:5 | HP: 4/235 [fire dragon (13)]
 60419 | Depths:5 | Mangled by a stone giant

Skill      XL: |  1  2  3  4  5  6  7  8  9 10 11 12 13 14 15 16 17 18 19 20 21 22 23 24 |
---------------+-------------------------------------------------------------------------+-----
Axes           | 3 4 5 6 7 8 11 12 15 18 21 22 | 22.6
Fighting       | 7 9 10 12 17 21 23 | 23.3
Armour         | 8 9 11 13 14 16 19 21 22 | 22.0
Dodging        | 5 7 14 16 18 20 22 | 22.1
Invocations    | 5 9 |  9.2
Evocations     | 8 |  8.9
Charms         | 7 11 | 11.3
Shields        | |  3.6
Ice Magic      | |  0.5

Action                   |  1- 3 |  4- 6 |  7- 9 | 10-12 | 13-15 | 16-18 | 19-21 | 22-24 || total
-------------------------+-------+-------+-------+-------+-------+-------+-------+-------++-------
Melee: War axe           |    84 |   121 |   227 |       |       |       |   172 |  1362 ||  1966
       Headbutt          |     6 |    20 |    67 |   127 |   241 |   336 |   492 |   555 ||  1844
       Whip              |       |       |    28 |       |       |       |       |       ||    28
       Battleaxe         |       |       |    96 |   653 |   867 |  1146 |  1229 |       ||  3991
       Punch             |       |       |       |       |       |       |     1 |    29 ||    30
Throw: Javelin           |       |       |       |       |     1 |       |       |       ||     1
 Cast: Song of Slaying   |       |       |       |       |       |       |       |     6 ||     6
Invok: Heroism           |       |       |     1 |    17 |    16 |    12 |    19 |    23 ||    88
       Finesse           |       |       |       |     7 |     9 |    10 |    16 |    16 ||    58
 Abil: Evoke Berserk Rag |       |       |       |       |     1 |       |       |       ||     1
       Evoke Flight      |       |       |       |       |       |     1 |     4 |       ||     5
  Use: Scroll            |       |       |    11 |    11 |    12 |     7 |     1 |     4 ||    46
       Potion            |       |       |     1 |     1 |     1 |       |       |    25 ||    28
 Stab: Petrifying        |       |       |       |       |     2 |       |       |       ||     2
       Petrified         |       |       |       |       |     1 |       |       |       ||     1
       Distracted        |       |       |       |       |       |       |       |     1 ||     1
  Eat: Chunk             |     1 |     4 |    19 |    28 |    20 |    30 |    37 |    28 ||   167
       Pizza             |       |       |       |       |     4 |       |     1 |     1 ||     6
       Royal jelly       |       |       |       |       |     2 |     5 |       |     1 ||     8
Armor: Scale mail        |    44 |    42 |    56 |       |       |       |       |       ||   142
       Plate armour      |       |       |    70 |   385 |   591 |   676 |   524 |   546 ||  2792
Dodge: Dodged            |    31 |    38 |    77 |   250 |   404 |   566 |   888 |  1254 ||  3508
Block: Shield            |    45 |    49 |   103 |       |       |       |       |       ||   197
       Other             |       |       |       |       |       |       |    21 |       ||    21
       Reflection        |       |       |       |       |       |       |     1 |       ||     1
